 Dungeon Crawl Stone Soup version 0.29.0-11-gd7f09526c8 (webtiles) character file.

Game seed: 17349618651177624735

2748 MisterFreud the Protected (level 9, -1/55 HPs)
             Began as a Gargoyle Fighter on Sept 3, 2022.
             Slain by Ashen's ghost (7 damage)
             ... on level 5 of the Dungeon.
             The game lasted 00:14:44 (6483 turns).

MisterFreud the Protected (Gargoyle Fighter)        Turns: 6483, Time: 00:14:45

Health: -1/55      AC: 30    Str: 25    XL:     9   Next: 68%
Magic:  9/9        EV:  4    Int:  8    God:
Gold:   366        SH:  4    Dex:  9    Spells: 8/8 levels left

rFire   + . .      SeeInvis .   a - +0 flail
rCold   + . .      Faith    .   c - +0 buckler
rNeg    + . .      Spirit   .   h - +1 gold dragon scales of Tenacity {Rampage +Blink rPois rF+ rC+}
rPois   ∞          Reflect  .   (no helmet)
rElec   +          Harm     .   (no cloak)
rCorr   +          Rampage  +   e - +0 pair of gloves
Will    .....                   (no boots)
Stlth   ..........              (no amulet)
HPRegen 0.18/turn               j - ring "Koazyal" {rCorr Slay+4}
MPRegen 0.11/turn               m - +4 ring of protection

@: invisible
A: sickness immunity, AC +6, negative energy resistance 1, electricity
resistance, torment resistance 1, petrification resistance
a: Evoke Blink


You were on level 5 of the Dungeon.
You visited 1 branch of the dungeon, and saw 7 of its levels.
You also visited: Sewer.

You collected 366 gold pieces.

Inventory:

Hand Weapons
 a - a +0 flail (weapon)
 p - a +1 whip of venom
Missiles
 f - 3 boomerangs (quivered)
 r - 6 javelins
Armour
 c - a +0 buckler (worn)
 e - a +0 pair of gloves (worn)
 h - the +1 gold dragon scales of Tenacity (worn) {Rampage +Blink rPois rF+ rC+}
   (You found it in a sewer)

   rF:        It protects you from fire.
   rC:        It protects you from cold.
   rPois:     It protects you from poison.
   +Blink:    It lets you blink.
   Rampage:   It bestows one free step when moving towards enemies.
 u - a +0 tower shield
Jewellery
 g - a ring of flight
 j - the ring "Koazyal" (left hand) {rCorr Slay+4}
   (You acquired it on level 5 of the Dungeon)

   [ring of resist corrosion]

   Slay:      It affects your accuracy & damage with ranged weapons and melee
   (+4).
   rCorr:     It protects you from acid and corrosion.
 m - a +4 ring of protection (right hand)
 n - a +6 ring of dexterity
 q - an amulet of reflection
Scrolls
 b - a scroll of fog
 k - a scroll of teleportation
 l - 2 scrolls of blinking
 s - a scroll of amnesia
 w - a scroll of identify
Potions
 i - a potion of cancellation
 o - a potion of flight
 t - a potion of lignification
Miscellaneous
 d - a phial of floods


   Skills:
 - Level 6.0 Fighting
 - Level 9.0 Maces & Flails
 + Level 9.6 Armour
 - Level 4.0 Shields


You had 8 spell levels left.
You didn't know any spells.
Your spell library contained the following spells:

 Spells                   Type           Power      Damage    Failure   Level
 Beastly Appendage        Tmut           0%         N/A       100%        1
 Wereblood                Tmut           0%         N/A       100%        2
 Frozen Ramparts          Ice            0%         1d1       100%        3
 Spider Form              Tmut/Pois      0%         N/A       100%        3
 Anguish                  Hex/Necr       0%         N/A       100%        4
 Ice Form                 Ice/Tmut       0%         N/A       100%        4
 Summon Ice Beast         Ice/Summ       0%         N/A       100%        4
 Enfeeble                 Hex            0%         N/A       100%        7


Dungeon Overview and Level Annotations

Branches:
Dungeon (7/15)              Sewer (visited)
 Temple: D:4-7

Altars:
Ashenzari
Gozag
Xom

Annotations:
D:5 Ashen's ghost, novice OgIE
D:6 1 runed translucent door
D:7 zkyp's ghost, novice MiCK


Innate Abilities, Weirdness & Mutations

You are immune to sickness and miasma.
Your stone body is resilient. (AC +6)
You are immune to poison.
You resist negative energy. (rN+)
You are resistant to electric shocks. (rElec)
You are resistant to unholy torment.
You are immune to petrification.


Message History

Ashen's ghost is severely damaged.
Ashen's ghost freezes you.
You are frozen.
You resist.
You barely miss Ashen's ghost.
Ashen's ghost is severely damaged.
Ashen's ghost hits you but does no damage.
You closely miss Ashen's ghost.
Ashen's ghost is severely damaged.
Ashen's ghost hits you.
You completely miss Ashen's ghost.
Ashen's ghost is severely damaged.
Ashen's ghost shrieks, "What do you have that I didn't have?"
Ashen's ghost freezes you.
You are frozen!
You resist.
You closely miss Ashen's ghost.
Ashen's ghost is severely damaged.
Ashen's ghost hits you but does no damage.
You completely miss Ashen's ghost.
Ashen's ghost is severely damaged.
Ashen's ghost freezes you.
You are frozen!
You resist.
* * * LOW HITPOINT WARNING * * *
You block Ashen's ghost's attack.
You climb upwards.
There is a stone staircase leading down here.
You miss Ashen's ghost.
Ashen's ghost is severely damaged.
Ashen's ghost hits you but does no damage.
Ashen's ghost freezes you.
You are frozen.
You resist.
* * * LOW HITPOINT WARNING * * *
Okay, then.
Unknown command.
Press: ? - help, v - describe, . - travel
Here: Ashen's ghost, wielding a vorpal weapon (severely damaged)
The floor.
Unknown command.
You fade into invisibility!
Ashen's ghost hits you!
You die...

######
#>...##############
#.W#.#.......##....
#.@..+.......++....
#..#.#.......##....
##.#.........'.....
#.###.......##.###
#..##.###....#.#
##.##........#.#
#..####.....#.#
##.##.#.....#.#
#.##.#..####.#


You could see Ashen's ghost (unable to see you).

Vanquished Creatures
  A two-headed ogre (D:5)
  3 black bears
  A sky beast (D:5)
  An ogre (D:4)
  A centaur (D:7)
  A phantom (D:6)
  6 bullfrogs
  7 scorpions
  3 jellies
  7 orc priests
  2 hounds (D:5)
  4 iguanas
  4 orc wizards
  5 adders
  A river rat (D:4)
  3 worms
  3 dart slugs
  23 orcs
  3 bats (D:2)
  9 endoplasms
  7 giant cockroaches
  9 goblins
  9 hobgoblins
  5 jackals
  7 quokkas
  15 ball pythons
  15 frilled lizards
  10 kobolds
  7 rats
172 creatures vanquished.

Notes
Turn   | Place    | Note
-------+----------+-------------------------------------------
     0 | D:1      | MisterFreud the Gargoyle Fighter began the quest for the
                  | Orb.
     0 | D:1      | Reached XP level 1. HP: 14/14 MP: 1/1
   199 | D:1      | Found a faded altar of an unknown god.
   426 | D:1      | Reached XP level 2. HP: 14/19 MP: 2/2
  1102 | D:2      | Reached XP level 3. HP: 23/24 MP: 3/3
  1231 | D:2      | Found a shimmering altar of Xom.
  1880 | D:3      | Reached XP level 4. HP: 29/29 MP: 4/4
  2417 | D:3      | Noticed an ogre
  2476 | D:4      | Found a broken altar of Ashenzari.
  2517 | D:4      | Reached XP level 5. HP: 15/33 MP: 5/5
  2554 | D:4      | Reached skill level 5 in Maces & Flails
  2602 | D:4      | Reached XP level 6. HP: 7/38 MP: 6/6
  2616 | D:4      | Noticed a black bear
  2886 | D:4      | Found an opulent altar of Gozag.
  2932 | D:4      | Killed a black bear
  2975 | D:4      | HP: 1/38 [orc priest/divine providence (16)]
  2984 | D:4      | Found a glowing drain.
  3004 | Sewer    | Entered a sewer
  3472 | Sewer    | Reached XP level 7. HP: 41/42 MP: 7/7
  3574 | Sewer    | Identified the +1 gold dragon scales of Tenacity {Rampage
                  | +Blink rPois rF+ rC+}
  4003 | D:4      | HP: 1/43 [orc priest/divine providence (15)]
  4351 | D:5      | Entered Level 5 of the Dungeon
  4493 | D:5      | Reached XP level 8. HP: 43/48 MP: 8/8
  4781 | D:5      | Reached skill level 5 in Armour
  4857 | D:5      | Reached skill level 5 in Fighting
  5064 | D:5      | Identified a scroll of acquirement
  5064 | D:5      | Acquired the ring "Koazyal" {rCorr Slay+4}
  5206 | D:5      | Identified the +5 scale mail "Biaphonk" {Harm rF+ Str+2
                  | Dex-3}
  5413 | D:6      | Noticed a two-headed ogre
  5593 | D:5      | Killed a two-headed ogre
  5594 | D:5      | Reached XP level 9. HP: 12/55 MP: 9/9
  5964 | D:6      | Found a runed translucent door.
  5967 | D:6      | Noticed Ashen's ghost (novice OgIE)
  6014 | D:6      | Found a runed translucent door.
  6319 | D:7      | Noticed zkyp's ghost (novice MiCK)
  6483 | D:5      | Slain by Ashen's ghost

Illustrated notes

Levels and vault maps discovered:
D:1:      grunt_arrival_lava_bath, layout_loops_ring,
          dreamdust_ecumenical_altar_statues, item_on_display_a
D:2:      layout_basic, basic_altar
D:3:      layout_basic, minmay_misc_feat_roman, mrwooster_statue_mirror,
          minmay_ogre_servants
D:4:      layout_basic, mainiacjoe_overflow_large_starburst,
          portal_sewer_entry_b
D:5:      layout_basic, dk_noncrumbling_4, chequers_decorated_corner,
          minmay_diced_spiral
D:6:      layout_rooms, ebering_ghost_sewer_f
D:7:      layout_cave_pools, elyvilon_altar_4, temple_green,
          gammafunk_ghost_stat_death, serial_rivers,
          chequers_serial_rivers_large_a, chequers_serial_rivers_micro_e,
          chequers_serial_rivers_micro_c, chequers_serial_rivers_small_3,
          serial_shops, nicolae_shop_bloodbath_and_beyond, skrybe_limestone_x

Skill      XL: |  1  2  3  4  5  6  7  8  9 |
---------------+----------------------------+-----
Maces & Flails | 3 4 5 7 9 |  9.0
Armour         | 4 7 9 |  9.6
Shields        | 4 |  4.0
Fighting       | 4 6 |  6.0

Action                   |  1- 3 |  4- 6 |  7- 9 || total
-------------------------+-------+-------+-------++-------
Melee: Flail             |   128 |   179 |   287 ||   594
       Whip              |       |       |   112 ||   112
Throw: Boomerang         |       |     3 |     4 ||     7
  Use: Scroll            |       |    12 |     6 ||    18
       Potion            |       |     6 |     5 ||    11
Armor: Scale mail        |    81 |   124 |    17 ||   222
       Gold dragon scale |       |       |   277 ||   277
Dodge: Dodged            |    66 |    69 |    51 ||   186
Block: Buckler           |    14 |    30 |    78 ||   122
